 Dungeon Crawl Stone Soup version 0.18.1-6-gd335043 (webtiles) character file.

968 stauk the Magician (level 8, -6/41 HPs)
             Began as a Kobold Wizard on May 17, 2016.
             Was a Follower of Sif Muna.
             Killed from afar by an electric eel (12 damage)
             ... with a bolt of electricity
             ... on level 6 of the Dungeon on May 18, 2016.
             The game lasted 02:52:57 (13242 turns).

stauk the Magician (Kobold Wizard)                 Turns: 13242, Time: 02:52:58

Health: -6/41      AC:  4    Str:  5    XL:     8   Next: 38%
Magic:  12/17      EV: 15    Int: 18    God:    Sif Muna [*.....]
Gold:   205        SH:  0    Dex: 15    Spells: 6 memorised, 7 levels left

rFire  . . .     SeeInvis .     W - +1 long sword
rCold  . . .     Gourm    .     G - +1 robe {MR+}
rNeg   + . .     Faith    .     (shield restricted)
rPois  .         Spirit   .     b - +0 hat
rElec  .         Dismiss  .     (no cloak)
rCorr  .         Reflect  .     t - +0 pair of gloves
SustAt +         Harm     .     (no boots)
MR     +....                    (no amulet)
Stlth  ++........               V - ring of sustain attributes
                                T - ring of positive energy

@: very slightly contaminated, repel missiles, drained, somewhat resistant to
hostile enchantments, unstealthy
A: carnivore 3
a: Channel Energy, Renounce Religion


You were on level 6 of the Dungeon.
You worshipped Sif Muna.
Sif Muna was aware of your devotion.
You were very full.

You visited 2 branches of the dungeon, and saw 7 of its levels.

You collected 205 gold pieces.

Inventory:

Hand Weapons
 e - a +0 short sword
 p - a cursed -1 halberd
 z - a cursed -2 scythe
 E - a +0 hand axe
 L - a +0 war axe
 S - a +0 shortbow
 U - a +0 whip
 W - a +1 long sword (weapon)
Missiles
 f - 278 stones (quivered)
 s - 87 arrows
 v - a throwing net
 C - 61 poisoned needles
Armour
 a - a +0 robe
 b - a +0 hat (worn)
 l - a +0 leather armour
 m - a +0 leather armour
 t - a +0 pair of gloves (worn)
 y - a +0 chain mail
 B - a +0 chain mail
 G - a +1 robe of magic resistance (worn)
 Y - a +0 helmet
Jewellery
 x - an uncursed ring of resist corrosion
 R - an uncursed amulet of harm
 T - a ring of positive energy (left hand)
 V - a ring of sustain attributes (right hand)
Scrolls
 h - a scroll of fog {unknown}
 k - 5 scrolls of remove curse {unknown}
 n - a scroll of blinking {unknown}
 o - 4 scrolls of teleportation {unknown}
 r - 3 scrolls of enchant weapon {unknown}
 D - a scroll of magic mapping {unknown}
 I - a scroll of noise {unknown}
 N - a scroll of amnesia {unknown}
 P - a scroll of immolation {unknown}
 Q - 8 scrolls of identify {unknown}
Potions
 g - a potion of magic {unknown}
 i - 2 potions of flight {unknown}
 u - 2 potions of curing {unknown}
 A - 2 potions of lignification {unknown}
 F - a potion of beneficial mutation {unknown}
 H - a potion of might {unknown}
 J - 2 potions of resistance {unknown}
 K - a potion of berserk rage {unknown}
 M - a potion of cancellation {unknown}
Books
 c - a book of Minor Magic

   Spells                             Type                      Level
   a - Magic Dart                     Conjuration                  1
   b - Blink                          Translocation                2
   c - Call Imp                       Summoning                    2
   d - Repel Missiles                 Charms/Air                   2
   e - Slow                           Hexes                        2
   f - Conjure Flame                  Conjuration/Fire             3
   g - Mephitic Cloud                 Conjuration/Poison/Air       3
Comestibles
 d - 2 meat rations
 j - a royal jelly
 q - a beef jerky
 w - 4 bread rations
 O - a slice of pizza
 X - a chunk of flesh


   Skills:
 - Level 2.4(2.1) Dodging
 - Level 2.6(2.4) Stealth
 * Level 6.6(6.3) Spellcasting
 + Level 3.6(3.4) Conjurations
 - Level 0.2(0.0) Charms
 - Level 2.0(1.7) Summonings
 - Level 2.0(1.7) Translocations
 - Level 1.2(0.9) Fire Magic
 - Level 2.0(1.7) Air Magic
 - Level 2.0(1.7) Poison Magic
 + Level 1.5(1.3) Invocations


You had 7 spell levels left.
You knew the following spells:

 Your Spells              Type           Power        Failure   Level  Hunger
a - Magic Dart            Conj           ###.         3%          1    None
b - Call Imp              Summ           ##......     12%         2    None
c - Blink                 Tloc           N/A          12%         2    None
d - Mephitic Cloud        Conj/Pois/Air  ##......     17%         3    ##.....
e - Conjure Flame         Conj/Fire      ##......     17%         3    ##.....
f - Repel Missiles        Chrm/Air       #.....       14%         2    None


Dungeon Overview and Level Annotations

Branches:
Dungeon (6/15)             Temple (1/1) D:4

Altars:
Ashenzari
Cheibriados
Dithmenos
Elyvilon
Fedhas
Gozag
Kikubaaqudgha
Makhleb
Nemelex Xobeh
Qazlal
Ru
Sif Muna
Trog
Vehumet
Xom
Yredelemnul
Zin
The Shining One


Innate Abilities, Weirdness & Mutations

You are small and have problems with some larger weapons.
You are carnivorous and can eat meat at any time.


Message History

* * * LOW HITPOINT WARNING * * *
Casting: Mephitic Cloud
Confirm with . or Enter, or press ? or * to list all spells.
You blink.
You barely miss the electric eel. You closely miss the electric eel.
You completely miss the electric eel. You hit the electric eel.
The electric eel is lightly wounded.
Casting: Blink
Confirm with . or Enter, or press ? or * to list all spells.
Aiming: Mephitic Cloud
Press: ? - help, Shift-Dir - straight line That beam is likely to hit you.
Continue anyway?
Okay, then.
You closely miss the electric eel.
The electric eel is lightly wounded.
The electric eel shoots out a bolt of lightning at you!
The bolt of electricity hits you!
You die...

#.########## #. #.#
#. #.# #. #.# #
#.#######.####### ...
#................
##..#$........###.###
.................
.......@/..........
≈.≈≈≈..≈;≈≈≈..≈≈.≈.≈
≈≈≈≈≈≈≈≈≈≈≈≈≈≈≈≈≈≈≈≈
≈≈≈≈≈≈≈≈≈≈≈≈≈≈≈≈≈≈≈≈
#≈≈≈≈≈≈≈≈≈≈≈≈≈≈≈≈≈≈≈
###############


You could see an electric eel.

Vanquished Creatures
  Sigmund (D:3)
  2 phantoms
  A centaur (D:4)
  A scorpion (D:4)
  A wight (D:5)
  A crimson imp (D:4)
  A hound (D:3)
  An orc wizard (D:4)
  A giant frog skeleton (D:5)
  2 orc priests (Temple)
  2 worker ants
  2 gnolls
  5 adders
  An ooze (D:3)
  2 worms (D:3)
  5 dart slugs
  6 giant geckos
  3 orcs
  5 giant cockroaches
  7 goblins
  10 hobgoblins
  7 jackals
  3 quokkas
  3 ball pythons
  10 bats
  A giant gecko zombie (D:3)
  4 giant newts
  10 kobolds
  11 rats
109 creatures vanquished.

Vanquished Creatures (collateral kills)
  An ogre (D:4)
  A jelly (D:5)
  3 orc priests
  An orc wizard (D:4)
  Jessica (D:2)
  Terence (D:3)
  8 gnolls
  An ooze (D:3)
  An adder skeleton (D:5)
  A dart slug (D:3)
  9 orcs
  A goblin (D:3)
  A jackal (Temple)
  2 kobolds (D:3)
  A giant newt (D:3)
33 creatures vanquished.

Grand Total: 142 creatures vanquished

Notes
Turn   | Place    | Note
--------------------------------------------------------------
     0 | D:1      | stauk the Kobold Wizard began the quest for the Orb.
     0 | D:1      | Reached XP level 1. HP: 10/10 MP: 4/4
    25 | D:1      | Reached skill level 1 in Conjurations
   340 | D:1      | Reached XP level 2. HP: 15/15 MP: 4/6
   350 | D:1      | Learned a level 2 spell: Call Imp
   353 | D:1      | Learned a level 2 spell: Blink
  1076 | D:1      | Reached XP level 3. HP: 19/19 MP: 3/7
  1792 | D:2      | Found a shattered altar of Ashenzari.
  2556 | D:2      | Reached XP level 4. HP: 24/24 MP: 7/9
  2563 | D:2      | Learned a level 3 spell: Mephitic Cloud
  3076 | D:2      | Noticed Jessica
  3094 | D:2      | Killed Jessica
  3520 | D:1      | Reached skill level 4 in Spellcasting
  3664 | D:2      | Reached skill level 1 in Air Magic
  4088 | D:3      | Reached XP level 5. HP: 28/28 MP: 8/11
  4109 | D:2      | Learned a level 3 spell: Conjure Flame
  4132 | D:3      | Noticed Terence
  4165 | D:3      | Killed Terence
  4328 | D:3      | Noticed Sigmund
  4454 | D:3      | Reached skill level 1 in Poison Magic
  4504 | D:3      | Killed Sigmund
  4504 | D:3      | Reached XP level 6. HP: 4/32 MP: 2/13
  4811 | D:3      | Learned a level 2 spell: Repel Missiles
  5241 | D:3      | Found a sacrificial altar of Ru.
  5567 | D:3      | Found a burning altar of Makhleb.
  5689 | D:3      | Reached skill level 5 in Spellcasting
  7216 | D:5      | Entered Level 5 of the Dungeon
  7372 | D:4      | Found a stormy altar of Qazlal.
  7417 | D:4      | Found an opulent altar of Gozag.
  7483 | D:4      | Reached XP level 7. HP: 14/36 MP: 9/14
  7855 | D:4      | Found a staircase to the Ecumenical Temple.
  7863 | Temple   | Entered the Ecumenical Temple
  7940 | Temple   | Became a worshipper of Sif Muna the Loreminder
  9072 | D:4      | Reached skill level 1 in Fire Magic
  9410 | D:4      | Found an ancient bone altar of Kikubaaqudgha.
 10781 | D:4      | Reached skill level 6 in Spellcasting
 11553 | D:5      | Reached XP level 8. HP: 41/41 MP: 11/17
 11625 | D:5      | Reached skill level 1 in Invocations
 11757 | D:5      | Reached * piety under Sif Muna
 13113 | D:5      | Found a sparkling altar of Nemelex Xobeh.
 13242 | D:6      | Killed from afar by an electric eel

Skill      XL: |  1  2  3  4  5  6  7  8 |
---------------+-------------------------+-----
Conjurations   | 1 2 3 |  3.6
Spellcasting   | 4 5 6 |  6.6
Air Magic      | 1 2 |  2.0
Poison Magic   | 2 |  2.0
Summonings     | 2 |  2.0
Translocations | 2 |  2.0
Fire Magic     | 1 |  1.2
Invocations    | 1 |  1.5
Dodging        | |  2.4
Stealth        | |  2.6
Charms         | |  0.2

Action                   |  1- 3 |  4- 6 |  7- 9 || total
-------------------------+-------+-------+-------++-------
Melee: Short sword       |     6 |    10 |    27 ||    43
       War axe           |       |       |    41 ||    41
       Long sword        |       |       |    18 ||    18
 Fire: Shortbow          |       |       |     4 ||     4
Throw: Stone             |       |     1 |     4 ||     5
 Cast: Magic Dart        |    76 |   101 |   139 ||   316
       Call Imp          |       |    51 |    40 ||    91
       Blink             |       |     7 |    12 ||    19
       Mephitic Cloud    |       |     4 |    10 ||    14
       Repel Missiles    |       |     1 |     2 ||     3
Invok: Channel Energy    |       |       |     2 ||     2
 Stab: Sleeping          |     3 |       |       ||     3
       Confused          |       |       |     2 ||     2
  Eat: Chunk             |    13 |    17 |    19 ||    49
Armor: Robe              |     1 |     7 |    39 ||    47
Dodge: Dodged            |    17 |    64 |   105 ||   186
       Deflected         |       |     1 |     2 ||     3
